 Dungeon Crawl Stone Soup version 0.18.1-50-g88ac8fd (webtiles) character file.

573 Amnesiac the Cutter (level 7, 0/32 HPs)
             Began as a Vine Stalker Artificer on July 6, 2018.
             Was an Initiate of Pakellas.
             Slain by magog001's ghost (1 damage)
             ... in a sewer.
             The game lasted 00:05:09 (1562 turns).

Amnesiac the Cutter (Vine Stalker Artificer)        Turns: 1562, Time: 00:05:09

Health: 0/32       AC:  5    Str: 18    XL:     7   Next: 34%
Magic:  0/10       EV: 11    Int: 12    God:    Pakellas [......]
Gold:   106        SH:  3    Dex: 14    Spells: 0 memorised, 6 levels left

rFire  . . .     SeeInvis .     a - +0 short sword
rCold  . . .     Gourm    .     b - +0 leather armour
rNeg   . . .     Faith    .     g - +0 buckler
rPois  .         Spirit   +     (no helmet)
rElec  .         Dismiss  .     (no cloak)
rCorr  .         Reflect  .     t - +1 pair of gloves
SustAt .         Harm     .     (no boots)
MR     .....                    (no amulet)
Stlth  +++.......               k - ring of stealth
                                j - +2 ring of strength

@: not resistant to hostile enchantments, fairly stealthy
A: fangs 2, regeneration 2, magic shield, antimagic bite, no device heal 3, rot
immunity
a: Renounce Religion


You were in a sewer.
You worshipped Pakellas.
Pakellas was noncommittal.
You were not hungry.

You visited 2 branches of the dungeon, and saw 6 of its levels.
You also visited: Sewer.

You collected 106 gold pieces.

Inventory:

Hand Weapons
 a - a +0 short sword (weapon)
Armour
 b - a +0 leather armour (worn)
 g - a +0 buckler (worn)
 m - a +0 shield
 t - a +1 pair of gloves (worn)
Jewellery
 j - a +2 ring of strength (left hand)
 k - a ring of stealth (right hand)
 p - an uncursed ring of protection from cold
Wands
 c - a wand of flame (3/48)
 d - a wand of enslavement (12/24)
 e - a wand of random effects (8/48)
Scrolls
 h - a scroll of fear {!r}
 i - a scroll of identify {!r}
 l - a scroll of magic mapping {!r}
 o - 3 scrolls of remove curse {!r}
 q - 2 scrolls of blinking {!r, unknown}
 r - a scroll of noise {!r, unknown}
Potions
 s - a potion of degeneration {!q, unknown}
 v - a potion of curing {!q}
Comestibles
 f - a bread ration
 n - 6 chunks of flesh
 u - 3 fruits


   Skills:
 - Level 0.8 Fighting
 + Level 6.8 Short Blades
 - Level 1.5 Dodging
 - Level 1.2 Stealth
 - Level 3.0 Evocations


You had 6 spell levels left.
You didn't know any spells.

Dungeon Overview and Level Annotations

Branches:
Dungeon (5/15)             Temple (1/1) D:4

Altars:
Ashenzari
Cheibriados
Dithmenos
Elyvilon
Kikubaaqudgha
Makhleb
Nemelex Xobeh
Pakellas
Qazlal
Ru
Trog
Vehumet
Yredelemnul
Zin
The Shining One

Annotations:
D:5 Amnesiac's ghost, novice VSAr Sewer magog001's ghost, amateur MiFi


Innate Abilities, Weirdness & Mutations

You have extremely sharp teeth.
You heal very quickly.
When hurt, damage is shared between your health and your magic reserves.
Your bite disrupts and absorbs the magic of your enemies.
Potions and wands cannot restore your health.
You are immune to rotting.


Message History

You hit the giant cockroach.
The giant cockroach is heavily wounded.
The giant cockroach barely misses you.
You hit the giant cockroach but do no damage.
The giant cockroach is heavily wounded.
The giant cockroach misses you.
You barely miss the giant cockroach. You bite the giant cockroach.
You drain its power.
You feel invigorated.
You kill the giant cockroach!
Pakellas accepts your kill.
You feel your power returning.
You hit the adder but do no damage. The adder closely misses you.
The adder bites you but does no damage.
You hit the adder but do no damage. You block the adder's attack.
You miss the adder. The adder barely misses you.
You hit the adder.
The adder is heavily wounded.
The adder barely misses you.
You hit the adder. You bite the adder. You drain its power.
You feel invigorated.
You kill the adder!
Pakellas accepts your kill.
You swing at nothing.
You enter the shallow water.
Moving in this stuff is going to be slow.
Things that are here:
a giant cockroach corpse; a giant newt corpse You butcher the giant cockroach corpse.
n - 5 chunks of flesh (gained 1)
You see here a giant newt corpse.
You butcher the giant newt corpse.
n - 6 chunks of flesh (gained 1)
There isn't anything here!
There isn't anything here!
There isn't anything here!
There isn't anything here!
Key pressed, stopping explore.
You enter the shallow water.
Moving in this stuff is going to be slow.
The giant newt is too close now for your liking.
A giant newt is nearby!
You enter the shallow water.
Moving in this stuff is going to be slow.
A giant newt and a player ghost come into view.
Magog001's ghost turns its malevolent gaze towards you.
A giant gecko comes into view.
The giant newt barely misses you.
The giant newt bites you but does no damage.
Magog001's ghost hits you! The giant newt barely misses you.
Magog001's ghost hits you!
* * * LOW HITPOINT WARNING * * *
x2 Your unstable footing causes you to fumble your attack.
The giant newt closely misses you.
Your unstable footing causes you to fumble your attack.
The giant newt closely misses you. Magog001's ghost hits you!
* * * LOW HITPOINT WARNING * * *
x2 The giant newt barely misses you.
Magog001's ghost closely misses you.
The giant newt bites you but does no damage.
Magog001's ghost hits you.
* * * LOW HITPOINT WARNING * * *
x2 Magog001's ghost hits you.
You die...
Pakellas says: That's one more possible approach eliminated.

#∩# #.#
#.≈≈≈≈≈≈≈ #∩#
#.≈≈≈.≈≈≈≈ #.#
#.≈≈≈.≈≈≈≈ #.#
#.≈≈≈.≈≈≈
##≈###.≈≈≈.≈≈≈
#.≈.##.≈≈≈.#
#≈≈≈##.≈≈≈.#
#.≈≈##@l≈s.#
#.≈≈##W≈≈≈.#
#≈≈≈##l≈≈≈.#
#≈≈≈##≈≈≈≈≈#
##≈≈≈##≈≈≈≈≈##
#..≈≈≈.≈≈≈≈≈≈≈.
#.≈≈≈≈≈≈≈≈≈≈≈≈≈
#.≈≈≈≈≈≈≈≈≈≈≈≈≈≈
#.≈≈≈≈≈≈≈≈≈≈l≈≈≈


You could see magog001's ghost, a giant cockroach and 2 giant newts.

Vanquished Creatures
  The ghost of Amnesiac the Charlatan, an amateur VSAr (D:4)
  A wasp (D:4)
  An ogre (D:3)
  2 scorpions (D:5)
  An orc priest (D:4)
  3 adders
  2 gnolls (D:5)
  A river rat (D:5)
  An ooze (D:5)
  2 worms
  A dart slug (D:3)
  4 giant geckos
  3 orcs
  2 bats (D:2)
  4 giant cockroaches
  3 goblins
  A hobgoblin (D:2)
  8 jackals
  3 quokkas (D:5)
  6 giant newts
  2 kobolds
  4 rats
56 creatures vanquished.

Vanquished Creatures (collateral kills)
  A gnoll (D:5)
  An adder (D:4)
  A giant newt (D:5)
3 creatures vanquished.

Vanquished Creatures (others)
  A plant (D:3)
1 creature vanquished.

Grand Total: 60 creatures vanquished

Notes
Turn   | Place    | Note
--------------------------------------------------------------
     0 | D:1      | Amnesiac the Vine Stalker Artificer began the quest for the Orb.
     0 | D:1      | Reached XP level 1. HP: 9/9 MP: 3/3
   135 | D:2      | Reached skill level 1 in Short Blades
   137 | D:2      | Reached XP level 2. HP: 12/14 MP: 3/5
   237 | D:2      | Found a shattered altar of Ashenzari.
   249 | D:2      | Reached skill level 2 in Short Blades
   256 | D:2      | Reached XP level 3. HP: 4/17 MP: 2/6
   475 | D:2      | Found a sparkling altar of Nemelex Xobeh.
   488 | D:3      | Noticed an ogre
   494 | D:3      | Killed an ogre
   494 | D:3      | Reached skill level 3 in Short Blades
   494 | D:3      | Reached XP level 4. HP: 12/21 MP: 7/7
   494 | D:3      | Reached XP level 5. HP: 15/25 MP: 8/8
   498 | D:3      | Reached skill level 4 in Short Blades
   564 | D:3      | Found a faded altar to an unknown god.
   601 | D:3      | Found a burning altar of Makhleb.
   660 | D:4      | Found a sacrificial altar of Ru.
   662 | D:4      | Found an oddly glowing altar of Pakellas.
   691 | D:4      | Noticed a wasp
   692 | D:4      | Killed a wasp
   692 | D:4      | Reached skill level 5 in Short Blades
   692 | D:4      | Gained mutation: You heal very quickly. [Vine Stalker growth]
   692 | D:4      | Reached XP level 6. HP: 29/29 MP: 9/9
   725 | D:4      | Noticed Amnesiac's ghost (amateur VSAr)
   731 | D:4      | Killed Amnesiac's ghost
   731 | D:4      | Reached skill level 6 in Short Blades
   806 | D:4      | Found a staircase to the Ecumenical Temple.
   860 | Temple   | Entered the Ecumenical Temple
   958 | D:5      | Entered Level 5 of the Dungeon
   967 | D:4      | Found a shadowy altar of Dithmenos.
   967 | D:4      | Found a glowing silver altar of Zin.
   971 | D:4      | Became a worshipper of Pakellas the Inventive
  1013 | D:5      | Reached XP level 7. HP: 5/32 MP: 2/10
  1451 | D:5      | Noticed Amnesiac's ghost (novice VSAr)
  1466 | D:5      | Found a glowing drain.
  1472 | Sewer    | Entered a sewer
  1556 | Sewer    | Noticed magog001's ghost (amateur MiFi)
  1561 | Sewer    | HP: 1/32 [magog001's ghost (1)]
  1562 | Sewer    | Slain by magog001's ghost

Skill      XL: |  1  2  3  4  5  6 |
---------------+-------------------+-----
Evocations     | 3 |  3.0
Short Blades   | 1 2 3 5 6 |  6.8
Fighting       | |  0.8
Dodging        | |  1.5
Stealth        | |  1.2

Action                   |  1- 3 |  4- 6 |  7- 9 || total
-------------------------+-------+-------+-------++-------
Melee: Short sword       |    66 |    56 |    70 ||   192
       Bite              |    13 |    16 |    18 ||    47
Evoke: Wand              |     4 |     8 |    10 ||    22
  Use: Scroll            |       |       |     5 ||     5
 Stab: Sleeping          |     3 |     2 |     1 ||     6
       Betrayed ally     |       |     1 |       ||     1
       Paralysed         |       |     2 |       ||     2
       Confused          |       |       |     2 ||     2
  Eat: Chunk             |       |       |     2 ||     2
Armor: Leather armour    |    23 |    15 |    12 ||    50
Dodge: Dodged            |    73 |    35 |    38 ||   146
Block: Buckler           |       |       |     7 ||     7
